 Dungeon Crawl Stone Soup version 0.27-a0-1177-g245c70e1c0 (webtiles) character file.

Game seed: 14804134282289965144

12296 porpoise the Covert (level 11, -1/106 HPs)
             Began as an Octopode Conjurer on May 17, 2021.
             Was a Believer of Vehumet.
             Slain by a skeletal warrior
             ... wielding a +1 vampiric halberd
              (16 damage)
             ... on level 11 of the Dungeon.
             The game lasted 01:09:39 (15376 turns).

porpoise the Covert (Octopode Conjurer)            Turns: 15376, Time: 01:09:39

Health: -1/106     AC: 25    Str:  7    XL:     11   Next: 91%
Magic:  8/18       EV:  2    Int: 24    God:    Vehumet [**....]
Gold:   290        SH:  6    Dex: 22    Spells: 1/20 levels left

rFire    . . .     SeeInvis .   b - +1 hunting sling (vorpal)
rCold    . . .     Faith    .   x - +0 buckler
rNeg     + + +     Spirit   .   (helmet currently unavailable)
rPois    +         Reflect  .   K - amulet of the acrobat
rElec    .         Harm     .   n - +6 ring of dexterity
rCorr    .         Rampage  .   o - ring of positive energy
Will     +....     NoTele   +   h - +4 ring of evasion
Stlth    +++++.....             y - ring of willpower
HPRegen  0.27/turn              J - +6 ring of dexterity
MPRegen  0.16/turn              (no ring)
                                (no ring)
                                (no ring)

@: tree-form
A: stationary, stasis, torment immunity, boosted hp, almost no armour,
(amphibious), 8 rings, (camouflage 1), (gelatinous body 1), (nimble swimmer 1),
(tentacles)
a: Renounce Religion


You were on level 11 of the Dungeon.
You worshipped Vehumet.
Vehumet was pleased with you.
You were a tree.
You visited 2 branches of the dungeon, and saw 12 of its levels.
You also visited: Ossuary.

You collected 603 gold pieces.
You spent 313 gold pieces at shops.

Inventory:

Hand Weapons
 a - a +5 short sword of protection
 b - a +1 vorpal hunting sling (weapon)
 d - a +4 quick blade of venom
 Q - a +0 hunting sling of freezing
 U - a +0 scimitar of flaming
 V - the +9 dagger "Zaisumo" {pain, Will++ Dex-4}
   (You bought it in a shop on level 3 of the Dungeon)

   In the hands of one skilled in necromantic magic, it inflicts extra damage on
   living creatures.
   It affects your dexterity (-4).
   It greatly increases your willpower.
Missiles
 e - 422 stones
 l - 105 arrows
 u - 88 sling bullets (quivered ammo)
 v - 49 bolts
 w - 5 javelins
 H - 14 poisoned darts
 N - 4 throwing nets
Armour
 m - the +1 hat of Tenacity (melded) {Will+ Str+3}
   (You acquired it in an ossuary)

   It affects your strength (+3).
   It increases your willpower.
 x - a +0 buckler (worn)
Magical Staves
 p - a staff of earth
Jewellery
 h - a +4 ring of evasion (on tentacle)
 n - a +6 ring of dexterity (left branch)
 o - a ring of positive energy (right branch)
 q - an amulet of regeneration
 y - a ring of willpower (on tentacle)
 J - a +6 ring of dexterity (on tentacle)
 K - an amulet of the acrobat (around neck)
 S - an amulet of reflection
Wands
 B - a wand of iceblast (13)
 O - a wand of digging (8)
 R - a wand of polymorph (9)
Scrolls
 c - 2 scrolls of enchant weapon
 i - 4 scrolls of enchant armour
 t - a scroll of noise
 z - 2 scrolls of holy word
 A - 4 scrolls of teleportation
 I - a scroll of vulnerability
 M - a scroll of silence
 P - a scroll of blinking {unknown}
Potions
 f - a potion of brilliance
 g - a potion of might
 j - a potion of mutation {unknown}
 k - a potion of degeneration {unknown}
 r - 3 potions of haste
 s - 6 potions of lignification
 C - a potion of berserk rage {unknown}
 D - 2 potions of attraction {unknown}
 E - 2 potions of curing
 F - 3 potions of ambrosia
 G - a potion of cancellation
 L - a potion of invisibility {unknown}
Miscellaneous
 T - a phantom mirror


   Skills:
 - Level 5.0 Fighting
 - Level 4.1 Dodging
 - Level 12.0 Stealth
 - Level 4.0 Shields
 - Level 5.0 Spellcasting
 - Level 7.0 Conjurations
 + Level 4.2 Hexes
 + Level 6.4 Summonings
 - Level 1.3 Necromancy
 - Level 5.0 Translocations
 - Level 5.0 Ice Magic
 - Level 5.0 Earth Magic
 + Level 4.6 Evocations


You had one spell level left.
You knew the following spells:

 Your Spells              Type           Power      Damage    Failure   Level
a - Sandblast             Erth           60%        2d14      1%          1
b - Searing Ray           Conj           78%        3d6       1%          2
c - Iskenderun's Mystic   Conj/Tloc      34%        2d8       8%          4
d - Fulminant Prism       Conj/Hex       16%        3d11      9%          4
i - Summon Ice Beast      Ice/Summ       33%        N/A       9%          4
s - Stone Arrow           Conj/Erth      68%        3d11      2%          3
t - Magic Dart            Conj           100%       1d8       1%          1

Your spell library contained the following spells:

 Spells                   Type           Power      Damage    Failure   Level
 Freeze                   Ice            100%       1d11      1%          1
 Corona                   Hex            28%        N/A       1%          1
 Summon Small Mammal      Summ           100%       N/A       1%          1
 Call Imp                 Summ           37%        N/A       1%          2
 Ensorcelled Hibernation  Hex/Ice        56%        N/A       1%          2
 Call Canine Familiar     Summ           37%        N/A       1%          3
 Dazzling Flash           Conj/Hex       64%        N/A       2%          3
 Summon Guardian Golem    Hex/Summ       31%        N/A       3%          3
 Passwall                 Tmut/Erth      15%        N/A       4%          2
 Confusing Touch          Hex            26%        N/A       4%          3
 Tukima's Dance           Hex            26%        N/A       4%          3
 Summon Lightning Spire   Summ/Air       21%        N/A       24%         4
 Petrify                  Tmut/Erth      18%        N/A       30%         4
 Lee's Rapid Deconstruct  Erth           15%        3d11*     30%         5


Dungeon Overview and Level Annotations

Branches:
Dungeon (11/15)            Temple (1/1) D:7            Lair (0/6) D:11
Ossuary (visited)
    Orc: D:9-12

Altars:
Ashenzari
Cheibriados
Dithmenos
Elyvilon
Fedhas
Gozag
Hepliaklqana
Kikubaaqudgha
Makhleb
Nemelex Xobeh
Okawaru
Qazlal
Ru
Sif Muna
Trog
Uskayaw
Vehumet
Wu Jian
Xom
Yredelemnul
Zin
The Shining One

Shops:
D:2 (   D:3 (   D:10 (


Innate Abilities, Weirdness & Mutations

You are a tree.
Your roots penetrate the ground, keeping you stationary.
You cannot be teleported.
You are immune to unholy pain and torment.
Your maximum health is greatly increased.
Your equipment is partially melded.
You cannot wear most types of armour.
((You are amphibious.))
You can wear up to eight rings at the same time.
((Your skin changes colour to match your surroundings (Stealth+).))
((Your rubbery body absorbs attacks. (AC +1, EV +1)))
((You are camouflaged near water. (Stealth+)))
((You have tentacles for arms and can constrict up to eight enemies at once.))


Message History

* * * LOW HITPOINT WARNING * * *
The centaur warrior barely misses you.
The searing ray hits the centaur warrior!
The centaur warrior is heavily wounded.
The searing ray hits the white ugly thing!
The white ugly thing is almost dead.
The skeletal warrior hits you from afar with a +1 vampiric halberd!
* * * LOW HITPOINT WARNING * * *
The centaur warrior completely misses you. x2
The searing ray hits the centaur warrior!
The centaur warrior is severely wounded.
The searing ray hits the white ugly thing!
You kill the white ugly thing!
Vehumet accepts your kill.
You feel your power returning.
You finish channeling your searing ray.
The centaur warrior completely misses you. x2
The skeletal warrior misses you.
The centaur warrior completely misses you.
The centaur warrior closely misses you.
Okay, then.
Unknown command.
Unknown command.
Okay, then.
Unknown command.
Okay, then.
Okay, then.
Unknown command.
Unknown command.
Really quaff the potion of lignification?
You turn into a tree.
The +1 hat of Tenacity {Will+ Str+3} melds into your body.
Your roots penetrate the ground.
The skeletal warrior hits you from afar with a +1 vampiric halberd.
* * * LOW HITPOINT WARNING * * *
The centaur warrior hits you but does no damage.
The centaur warrior kicks you but does no damage.
You feel better. The centaur warrior barely misses you.
The centaur warrior kicks you but does no damage.
The skeletal warrior hits you from afar with a +1 vampiric halberd!
You die...

.............#
#####........+
######.......#
##._.###.....>#
......###.....#
..... #.....#
.†z #.....#
#c###....#
#♣...####
...........#
#####..+##.#
..... ..#
#..... ..+
#..... [.#
#.)... ..)#
#..... .#


You could see a skeletal warrior and a centaur warrior.

Vanquished Creatures
  Harold (D:8)
  A two-headed ogre (D:11)
  Erica (D:10)
  An ugly thing (D:11)
  A cyclops (D:11)
  2 manticores
  Joseph (D:8)
  A water nymph (D:11)
  2 unseen horrors (D:10)
  A troll (D:11)
  2 wraiths
  6 yaks
  A water elemental (D:11)
  5 humans (D:6)
  2 steam dragons
  4 vampire mosquitoes (D:11)
  2 acid dragons
  3 water moccasins
  3 orc warriors
  A sky beast (D:8)
  2 black bears
  2 necrophages
  2 ogres (D:4)
  2 centaurs (D:9)
  A phantom (D:6)
  3 wolves (D:11)
  A kobold brigand (D:8)
  3 gnoll sergeants
  4 bullfrogs
  2 water moccasin zombies (Ossuary)
  2 wyvern zombies (Ossuary)
  6 killer bees
  5 wights (D:9)
  An electric eel (D:11)
  A howler monkey (D:8)
  A jelly (D:7)
  4 centaur zombies (Ossuary)
  7 bullfrog zombies (Ossuary)
  2 centaur skeletons
  4 hounds (D:11)
  A gnoll shaman (D:7)
  7 orc wizards
  2 killer bee zombies (Ossuary)
  15 mummies (Ossuary)
  4 howler monkey zombies
  20 gnolls
  4 adders
  A river rat (D:6)
  A shadow imp (D:7)
  3 worms
  2 dart slugs
  17 orcs
  6 ball pythons
  7 endoplasms
  3 giant cockroaches
  A goblin (D:2)
  2 hobgoblins (D:1)
  5 kobolds
  5 quokkas
  3 bats
  5 frilled lizards
  4 rats
214 creatures vanquished.

Vanquished Creatures (others)
  A gnoll (D:8)
  A fulminant prism (D:11)
  6 withered plants (Ossuary)
8 creatures vanquished.

Grand Total: 222 creatures vanquished

Notes
Turn   | Place    | Note
-------+----------+-------------------------------------------
     0 | D:1      | porpoise the Octopode Conjurer began the quest for the Orb.
     0 | D:1      | Reached XP level 1. HP: 11/11 MP: 3/3
   296 | D:1      | Reached XP level 2. HP: 17/17 MP: 0/5
   303 | D:1      | Learned a level 2 spell: Searing Ray
   428 | D:1      | Reached skill level 3 in Stealth
  1405 | D:2      | Reached XP level 3. HP: 21/21 MP: 2/6
  1857 | D:2      | Found a faded altar of an unknown god.
  2131 | D:2      | Found Errygaef's Antique Weapon Shop.
  2138 | D:2      | Reached XP level 4. HP: 27/27 MP: 2/8
  2678 | D:3      | Found a burning altar of Makhleb.
  2699 | D:3      | Found Kodeegg's Antique Weapon Shoppe.
  3571 | D:4      | Noticed an ogre
  3580 | D:4      | Killed an ogre
  3581 | D:4      | Reached skill level 4 in Stealth
  3581 | D:4      | Reached skill level 5 in Conjurations
  3581 | D:4      | Reached XP level 5. HP: 31/31 MP: 3/10
  3669 | D:4      | Found a sand-covered staircase.
  3761 | Ossuary  | Entered an ossuary
  3783 | Ossuary  | Reached XP level 6. HP: 21/36 MP: 1/11
  3824 | Ossuary  | Reached skill level 5 in Stealth
  3836 | Ossuary  | Reached XP level 7. HP: 33/41 MP: 2/13
  4359 | Ossuary  | Reached skill level 5 in Spellcasting
  4473 | Ossuary  | Learned a level 4 spell: Summon Ice Beast
  4478 | Ossuary  | Learned a level 4 spell: Iskenderun's Mystic Blast
  4483 | Ossuary  | Learned a level 4 spell: Fulminant Prism
  4502 | Ossuary  | Reached skill level 6 in Stealth
  4512 | Ossuary  | Reached skill level 1 in Fighting
  4539 | Ossuary  | Reached XP level 8. HP: 31/49 MP: 1/15
  5074 | Ossuary  | Identified 2 scrolls of acquirement
  5074 | Ossuary  | Acquired a +4 quick blade
  5082 | Ossuary  | Acquired the +1 hat of Tenacity {Will+ Str+3}
  5780 | D:5      | Entered Level 5 of the Dungeon
  6001 | D:2      | Bought a glowing hunting sling for 117 gold pieces
  6181 | D:5      | Reached skill level 7 in Stealth
  6975 | D:6      | Reached skill level 1 in Shields
  6980 | D:6      | Reached XP level 9. HP: 50/60 MP: 3/16
  6982 | D:6      | Reached skill level 5 in Fighting
  6982 | D:6      | Reached skill level 8 in Stealth
  7741 | D:7      | Found a staircase to the Ecumenical Temple.
  7758 | Temple   | Entered the Ecumenical Temple
  7939 | Temple   | Became a worshipper of Vehumet
  7991 | D:7      | You fall into a shaft and drop 3 floors!
  7991 | D:10     | Entered Level 10 of the Dungeon
  8238 | D:9      | Reached skill level 9 in Stealth
  8238 | D:9      | Reached skill level 1 in Summonings
  8238 | D:9      | Reached skill level 1 in Ice Magic
  8491 | D:8      | Learned a level 3 spell: Stone Arrow
  9718 | D:8      | Noticed Harold
  9874 | D:8      | Noticed Joseph
  9892 | D:8      | Killed Joseph
  9893 | D:8      | Reached XP level 10. HP: 20/66 MP: 4/17
 10311 | D:8      | Reached skill level 10 in Stealth
 10538 | D:8      | Killed Harold
 10539 | D:8      | Reached skill level 11 in Stealth
 10539 | D:8      | Reached skill level 5 in Summonings
 10539 | D:8      | Reached skill level 5 in Ice Magic
 10542 | D:8      | HP: 3/66 [gnoll sergeant/+0 trident (6)]
 11004 | D:8      | Noticed a manticore
 11013 | D:8      | Killed a manticore
 11014 | D:8      | Reached skill level 12 in Stealth
 11522 | D:9      | Reached skill level 1 in Translocations
 11522 | D:9      | Reached skill level 1 in Earth Magic
 11869 | D:9      | Reached * piety under Vehumet
 11869 | D:9      | Offered knowledge of Shock by Vehumet.
 12579 | D:10     | Noticed Erica
 12589 | D:10     | Killed Erica
 12590 | D:10     | Reached XP level 11. HP: 60/71 MP: 11/18
 12991 | D:3      | Bought a fading dagger for 196 gold pieces
 12991 | D:3      | Identified the +9 dagger "Zaisumo" {pain, Will++ Dex-4}
                  | (You bought it in a shop on level 3 of the Dungeon)
 13462 | D:10     | Found Noxuof's Weapon Shop.
 13574 | D:10     | Reached skill level 5 in Earth Magic
 13575 | D:10     | Reached skill level 5 in Translocations
 13720 | D:10     | Reached skill level 1 in Necromancy
 13720 | D:10     | Reached skill level 1 in Evocations
 14041 | D:10     | Reached skill level 1 in Hexes
 14192 | D:10     | Learned a level 1 spell: Sandblast
 14339 | D:11     | Noticed a cyclops
 14347 | D:11     | Killed a cyclops
 14563 | D:11     | Identified the +4 plate armour "Kisiul" {rElec rPois Will+}
 14584 | D:11     | Offered knowledge of Freeze by Vehumet.
 14682 | D:11     | Noticed a two-headed ogre
 14690 | D:11     | Killed a two-headed ogre
 14693 | D:11     | Reached ** piety under Vehumet
 14890 | D:11     | Found a staircase to the Lair.
 15037 | D:11     | Noticed a boulder beetle
 15040 | D:11     | a boulder beetle changed into a water nymph
 15075 | D:11     | Noticed a manticore
 15128 | D:11     | Killed a manticore
 15361 | D:11     | Noticed a skeletal warrior
 15361 | D:11     | Noticed a white ugly thing
 15361 | D:11     | Noticed a two-headed ogre
 15362 | D:11     | Found a snail-covered altar of Cheibriados.
 15362 | D:11     | Noticed a centaur warrior
 15374 | D:11     | Killed a white ugly thing
 15376 | D:11     | Slain by a skeletal warrior

Illustrated notes

Levels and vault maps discovered:
D:1:      tarquinn_simple_flora_water_c, layout_loops_corners
D:2:      layout_basic, hellmonk_ecumenical_altar_inner_sanctum, serial_shops,
          nicolae_shop_stone, kennysheep_boxes
D:3:      layout_loops_cross, bloody_makhleb, serial_shops,
          nicolae_shop_crystal, corexii_hall_statues_u,
          kennysheep_generic_room_2
D:4:      layout_basic, nicolae_ossuary_entry_false_entrances,
          minmay_misc_feat_ornament
D:5:      layout_rooms
D:6:      layout_cave_pools, portal_sewer_entry_a, minmay_ruffians
D:7:      layout_gridville, minmay_temple_entry_statues_fountains
D:8:      layout_loops_ring, st_stairs_4, grunt_ministairs_11, uniq_harold,
          uniq_joseph
D:9:      layout_basic
D:10:     layout_small_grid, serial_shops, shop, hangedman_decor_lopped,
          uniq_erica
D:11:     layout_roguey, erik_lair_island, orc_0_dummy, minmay_ruined_shrine
Temple:   kilobyte_greek_temple

Skill      XL: |  1  2  3  4  5  6  7  8  9 10 11 |
---------------+----------------------------------+-----
Stealth        | 3 4 5 6 7 9 12 | 12.0
Spellcasting   | 3 4 5 |  5.0
Conjurations   | 5 6 7 |  7.0
Fighting       | 1 4 5 |  5.0
Dodging        | 4 |  4.1
Shields        | 2 4 |  4.0
Summonings     | 4 5 6 |  6.4
Ice Magic      | 3 5 |  5.0
Translocations | 4 5 |  5.0
Earth Magic    | 4 5 |  5.0
Necromancy     | 1 |  1.3
Evocations     | 4 |  4.6
Hexes          | 4 |  4.2

Action                   |  1- 3 |  4- 6 |  7- 9 | 10-12 || total
-------------------------+-------+-------+-------+-------++-------
Melee: Unarmed           |     2 |       |       |       ||     2
       Tentacles         |     2 |    13 |     6 |    10 ||    31
       Constrict         |     1 |     6 |     5 |     3 ||    15
       Hand axe          |     1 |       |       |       ||     1
       Trident           |       |    42 |    31 |       ||    73
       Quick blade       |       |       |     5 |    16 ||    21
       Hunting sling     |       |       |       |     2 ||     2
       Short sword       |       |       |       |     1 ||     1
 Fire: Hunting sling     |       |       |    33 |    63 ||    96
 Cast: Magic Dart        |    52 |    24 |    21 |     8 ||   105
       Searing Ray       |     3 |     6 |    70 |    89 ||   168
       Stone Arrow       |       |       |       |     9 ||     9
       Fulminant Prism   |       |       |       |     1 ||     1
Evoke: Wand              |       |       |     7 |     9 ||    16
  Use: Scroll            |       |     8 |    13 |     2 ||    23
       Potion            |       |     1 |       |     6 ||     7
Armor: Skin              |       |     1 |     8 |     7 ||    16
Dodge: Dodged            |     5 |    62 |   158 |   196 ||   421
Block: Buckler           |       |       |     4 |    67 ||    71

Table legend: (Time is in decaauts)
 A = Elapsed time spent in this place.
 B = Non-inter-level travel time spent in this place.
 C = Inter-level travel time spent in this place.
 D = Time resting spent in this place.
 E = Time spent auto-exploring this place.
 F = Levels seen in this place.
 G = Mean time per level.
                   A        B        C        D        E       F      G
               +--------+--------+--------+--------+--------+-----+--------+
         Total |  15419 |  14209 |   1210 |   5509 |   5961 |  13 | 1186.1 |
       Dungeon |  13828 |  12650 |   1178 |   4651 |   5785 |  11 | 1257.1 |
        Temple |    213 |    181 |     32 |      0 |    173 |   1 |  213.0 |
       Ossuary |   1377 |   1377 |      0 |    858 |      3 |   1 | 1377.0 |
               +--------+--------+--------+--------+--------+-----+--------+

Top non-repeatable levels by time:
     D:8: 1802 daAuts
     D:9: 1628 daAuts
     D:2: 1451 daAuts
     D:7: 1388 daAuts
 Ossuary: 1377 daAuts
     D:1: 1283 daAuts
    D:10: 1223 daAuts
    D:11: 1165 daAuts
     D:4: 1151 daAuts
     D:6: 1054 daAuts
     D:3: 1034 daAuts
     D:5: 643 daAuts
  Temple: 213 daAuts
